 Dungeon Crawl Stone Soup version 0.18.1-50-g88ac8fd (webtiles) character file.

104 Moriarty the Shooter (level 4, -5/28 HPs)
             Began as a High Elf Arcane Marksman on Oct 3, 2016.
             Was an Initiate of Nemelex Xobeh.
             Slain by a crocodile (6 damage)
             ... on level 2 of the Dungeon.
             The game lasted 00:41:05 (1953 turns).

Moriarty the Shooter (High Elf Arcane Marksman)     Turns: 1953, Time: 00:41:06

Health: -5/28      AC: 10    Str: 11 (12) XL:     4   Next: 52%
Magic:  6/6        EV:  5    Int: 16      God:    Nemelex Xobeh [......]
Gold:   41         SH:  0    Dex: 15 (16) Spells: 1 memorised, 4 levels left

rFire  + . .     SeeInvis .     a - +0 shortbow
rCold  . . .     Gourm    .     z - +2 chain mail {rF+}
rNeg   . . .     Faith    .     (shield currently unavailable)
rPois  .         Spirit   .     (no helmet)
rElec  .         Dismiss  .     (no cloak)
rCorr  .         Reflect  .     (no gloves)
SustAt .         Harm     .     (no boots)
MR     .....                    (no amulet)
Stlth  ..........               (no ring)
                                (no ring)

@: not resistant to hostile enchantments, extremely unstealthy
A: deterioration 1, strong 1, no device heal 1
a: Renounce Religion


You were on level 2 of the Dungeon.
You worshipped Nemelex Xobeh.
Nemelex Xobeh was noncommittal.
You were not hungry.

You visited 1 branch of the dungeon, and saw 2 of its levels.

You collected 41 gold pieces.

Inventory:

Hand Weapons
 a - a +0 shortbow (weapon)
 g - a +2 short sword of flaming
 h - a +0 club
 i - a +0 hand axe
 j - a +0 club
 k - a +0 club
 l - a +0 club
 n - a +0 club
 o - a +0 club
 p - a +0 short sword
 r - a +0 dagger
 t - a +0 club
 v - a +0 club
 w - a +0 dagger
 x - a +0 club
 y - a +0 short sword
 B - a +0 whip
 C - a +0 club
 D - a +0 spear
 E - a +0 club
 F - a +0 club
Missiles
 d - 18 arrows (quivered)
 e - 52 stones
 q - 12 sling bullets
Armour
 b - a +0 robe
 z - a +2 chain mail of fire resistance (worn)
Scrolls
 s - 3 scrolls of remove curse
 A - a scroll of blinking
Potions
 u - a potion of ambrosia
Books
 c - a book of Debilitation

   Spells                             Type                      Level
   a - Corona                         Hexes                        1
   b - Slow                           Hexes                        2
   c - Gell's Gravitas                Hexes/Translocation          3
   d - Inner Flame                    Hexes/Fire                   3
   e - Cause Fear                     Hexes                        4
   f - Leda's Liquefaction            Hexes/Earth                  4
Comestibles
 f - 2 bread rations
 m - 2 chunks of flesh
 G - 4 fruits


   Skills:
 + Level 1.1 Fighting
 + Level 5.3 Bows
 + Level 0.1 Armour
 + Level 2.8 Dodging
 + Level 0.2 Stealth
 + Level 1.2 Spellcasting
 + Level 3.4 Hexes


You had 4 spell levels left.
You knew the following spells:

 Your Spells              Type           Power        Failure   Level  Hunger
a - Corona                Hex            ##.....      100%        1    ##.....


Dungeon Overview and Level Annotations

Branches:
Dungeon (2/15)

Altars:
Nemelex Xobeh


Innate Abilities, Weirdness & Mutations

Your body sometimes deteriorates upon taking damage.
Your muscles are strong. (Str +2)
Potions and wands are less effective at restoring your health.


Message History

The crocodile bites you but does no damage.
The scorpion stings you but does no damage.
Firing (i - inventory. (,) - cycle):
d - 19 arrows (quivered)
Press: ? - help, Shift-Dir - straight line, f/p - crocodile
Aim: a crocodile You shoot an arrow.
The arrow hits the crocodile.
The crocodile is lightly wounded.
The crocodile barely misses you. The scorpion stings you.
* * * LOW HITPOINT WARNING * * *
The crocodile barely misses you.
You are too injured to fight recklessly!
You are too injured to fight recklessly!
You are too injured to fight recklessly!
The scorpion stings you.
* * * LOW HITPOINT WARNING * * *
Your body deteriorates!
You feel weakened.
The crocodile bites you but does no damage.
The crocodile bites you.
You die...
Your body disappears without a glow.

#.# #.#
#..#.......####
#.# #.#
#.............
#.# ###
#####.########
#.# ▓▓▓▓▓▓▓#.# #
#.# ▓⌠...⌠▓#.#
## #.#
▓.....▓#.#
#####. #.# ###
▓$...©▓###
#..... #.# #..
▓st...▓ #.###.
#.# #.# ▓@.(.⌠▓
## #.#
#.##▓▓▓▓▓▓▓ #
#.# ##.##.....§#
## #.#
#####...'...._.#
#. #.#
#.......#.....§#
#. #.#
#.###.###▓▓▓▓▓▓▓
# #.# #.# #.#
▓⌠...⌠▓ #.# #.#
#.# ▓.....▓ #.#
#.# #.# ▓..}.©▓


You could see a crocodile and a scorpion.

Vanquished Creatures
  Terence (D:2)
  An adder (D:2)
  A worm (D:2)
  5 dart slugs
  A giant gecko (D:1)
  A ball python (D:2)
  9 bats
  2 giant cockroaches
  8 hobgoblins
  2 giant newts (D:1)
  10 goblins
  10 kobolds
  5 rats
56 creatures vanquished.

Notes
Turn   | Place    | Note
--------------------------------------------------------------
     0 | D:1      | Moriarty the High Elf Arcane Marksman began the quest for the Orb.
     0 | D:1      | Reached XP level 1. HP: 13/13 MP: 3/3
   189 | D:1      | Reached skill level 3 in Bows
   259 | D:1      | Reached XP level 2. HP: 10/18 MP: 4/4
   481 | D:1      | Reached XP level 3. HP: 23/23 MP: 5/5
   683 | D:1      | Reached skill level 4 in Bows
  1086 | D:2      | Noticed Terence
  1098 | D:2      | Killed Terence
  1108 | D:2      | Reached XP level 4. HP: 11/28 MP: 6/6
  1511 | D:2      | Reached skill level 5 in Bows
  1522 | D:2      | Gained mutation: Your body sometimes deteriorates upon taking damage. [potion of mutation]
  1522 | D:2      | Gained mutation: Potions and wands are less effective at restoring your health. [potion of mutation]
  1522 | D:2      | Gained mutation: Your muscles are strong. (Str +2) [potion of mutation]
  1936 | D:2      | Found a sparkling altar of Nemelex Xobeh.
  1936 | D:2      | Noticed a crocodile
  1946 | D:2      | Became a worshipper of Nemelex Xobeh the Trickster
  1952 | D:2      | HP: 1/28 [scorpion (6)]
  1953 | D:2      | Slain by a crocodile

Skill      XL: |  1  2  3  4 |
---------------+-------------+-----
Bows           | 3 4 5 |  5.3
Fighting       | |  1.1
Armour         | |  0.1
Dodging        | |  2.8
Stealth        | |  0.2
Spellcasting   | |  1.2
Hexes          | |  3.4

Action                   |  1- 3 |  4- 6 || total
-------------------------+-------+-------++-------
 Fire: Shortbow          |   108 |    67 ||   175
Throw: Stone             |       |    10 ||    10
 Cast: Corona            |     1 |       ||     1
  Use: Potion            |     3 |     1 ||     4
       Scroll            |     2 |     3 ||     5
  Eat: Meat ration       |       |     1 ||     1
Armor: Robe              |    14 |     3 ||    17
       Chain mail        |       |    21 ||    21
Dodge: Dodged            |    40 |    12 ||    52
